Cogmind - Beta 15 @@@ ROGUE MODE // 2025.10.10 @ 11:58:57 Player: AussieBBQ Result: Destroyed by S-10 Pest with Light Assault Rifle Performance ------------- Evolutions (0) 0 Regions Visited (4) 800 Robots Destroyed (37) 185 Value Destroyed (712) 712 Prototype IDs (25) 500 Alien Tech Used (0) 0 Bonus (300) 300 TOTAL SCORE: 2497 Bonus ------- Aligned with FarCom 300 Cogmind --------- Core Integrity 0/250 Matter 251/300 Energy 87/125 System Corruption 5% Temperature Cool (0) Movement Flying (34) Location -9/Mines Parts ------- > --- POWER (1) -------- Light Ion Engine > --- PROPULSION (2) --- Flight Unit VTOL Module > --- UTILITY (2) ------ (None) > --- WEAPON (2) ------- Longsword +1 > --- INVENTORY (5) ---- Light Nuclear Core Flight Unit Terrain Scan Processor Light Assault Rifle Peak State ------------ > --- POWER ------------ Ion Engine > --- PROPULSION ------- VTOL Module VTOL Module > --- UTILITY ---------- Seismic Detector > --- WEAPON ----------- Longsword +1 > --- INVENTORY -------- Light Ion Engine Light Nuclear Core VTOL Module Terrain Scan Processor Light Assault Rifle [Rating: 14] Favorites ----------- Power Light Ion Engine Engine Light Ion Engine Propulsion Light Treads Treads Light Treads Flight Unit VTOL Module Utility Seismic Detector Device Seismic Detector Storage Large Storage Unit Weapon Assault Rifle Energy Gun EM Pulse Gun Ballistic Gun Assault Rifle Slashing Weapon Longsword +1 Build | -11 -10 -10 -10 -9 ------- Run | Yrd Mat Min Exi Min Slots Evolved . | . . . . . Power . | . . . . . Propulsion . | . . . . . Utility . | . . . . . Weapon . | . . . . . Parts Attached 27 | 8 6 8 2 3 Power 3 | 1 . 2 . . Engine 3 | 1 . 2 . . Core . | . . . . . Reactor . | . . . . . Propulsion 10 | 2 1 4 . 3 Treads 3 | 2 1 . . . Leg . | . . . . . Wheel . | . . . . . Hover . | . . . . . Flight 7 | . . 4 . 3 Utility 6 | 2 3 . 1 . Device 2 | 1 1 . . . Storage 4 | 1 2 . 1 . Processor . | . . . . . Hackware . | . . . . . Protection . | . . . . . Artifact . | . . . . . Weapon 8 | 3 2 2 1 . Energy Gun 1 | 1 . . . . Energy Cannon . | . . . . . Ballistic Gun 6 | 2 2 2 . . Ballistic Cannon . | . . . . . Launcher . | . . . . . Special Weapon . | . . . . . Impact Weapon . | . . . . . Slashing Weapon 1 | . . . 1 . Piercing Weapon . | . . . . . Special Melee Weapon . | . . . . . Unidentified Prototypes . | . . . . . Parts Lost 10 | . 2 5 . 3 Power 2 | . . 1 . 1 Propulsion 6 | . 1 3 . 2 Utility . | . . . . . Weapon 2 | . 1 1 . . Highest Loss Streak 4 | . 1 4 . 3 To Critical Strikes . | . . . . . Average Backups 8 | 4 8 11 4 4 Power 1 | . 1 1 2 1 Propulsion 3 | 2 4 3 1 1 Utility 2 | . 2 3 1 1 Weapon 1 | . . 2 . 1 Tool/Special . | . . . . . Unused Backups 10 | . 4 4 . 2 Power 1 | . . . . 1 Propulsion 4 | . 4 . . . Utility 4 | . . 3 . 1 Weapon 1 | . . 1 . . Tool/Special . | . . . . . Average Slot Usage (%) 95 | . 99 93 58 47 Engine 13 | . 14 14 14 9 Treads 24 | . 28 23 . . Flight 2 | . . 3 28 23 Device 13 | . 14 14 7 . Storage 12 | . 14 11 . . Energy Gun 1 | . 1 . . . Ballistic Gun 24 | . 26 25 1 . Peak Build Rating 14 | 7 8 9 14 13 Average Rating 8 | 5 7 8 9 11 On Entrance 7 | . 7 8 7 13 Naked Turns . | . . . . . Heaviest Build 29 | 12 27 29 8 8 Greatest Support 40 | 40 40 40 8 8 Greatest Overweight (x) 1 | . . 1 . 1 Average Overweight (x) . | . . . . . Largest Inventory Capacity 15 | 8 15 15 10 5 Average Capacity 11 | 7 11 13 5 5 Most Carried 13 | 6 11 13 5 5 Average Carried 8 | 4 8 11 4 4 Final Capacity 15 | 8 15 5 5 5 Final Carried 10 | 6 10 5 5 4 Class Distribution -------------------- 92% | Mutant 7% | Sprinter Dominant Class ---------------- Mutant | -10/Materials Mutant | -10/Mines Sprinter | -10/Exiles Sprinter | -9/Mines Resources | -11 -10 -10 -10 -9 ----------- Run | Yrd Mat Min Exi Min Matter Collected 883 | 284 401 186 . 12 Remotely . | . . . . . Salvage Created 1049 | 25 778 221 . 25 Parts 71 | 2 46 17 . 6 Haulers Intercepted . | . . . . . Recyclers Shooed 2 | . 2 . . . Parts Field Recycled . | . . . . . Retrieved Matter . | . . . . . Parts Self-Destructed . | . . . . . Prevented . | . . . . . Kills | -11 -10 -10 -10 -9 ------- Run | Yrd Mat Min Exi Min Combat Hostiles Destroyed 28 | . 15 11 . 2 Melee 2 | . . . . 2 Guns 25 | . 14 11 . . AOE 1 | . 1 . . . Classes Destroyed 8 | 1 7 . . . Worker 2 | . 2 . . . Builder 1 | . 1 . . . Tunneler 1 | 1 . . . . Recycler 1 | . 1 . . . Operator 2 | . 2 . . . Watcher 2 | . 2 . . . Swarmer 15 | . 4 9 . 2 Grunt 13 | . 11 2 . . Best Kill Streak 4 | 1 4 3 . 2 Combat Bots Only 4 | . 4 3 . 2 Max Kills in Single Turn 2 | 1 2 1 . 1 Gunslinging . | . . . . . Exploded 1 | . 1 . . . Melee 1 | . . . . 1 Uniques/NPCs Destroyed . | . . . . . Combat | -11 -10 -10 -10 -9 -------- Run | Yrd Mat Min Exi Min Hostile Shots Fired 177 | . 93 57 . 27 Missed 46 | . 26 12 . 8 Hits 131 | . 67 45 . 19 Projectile 131 | . 67 45 . 19 Critical Strikes 1 | . 1 . . . Damage Taken 1314 | . 761 402 . 151 Core 259 | . 110 90 . 59 Absorbed by Shields . | . . . . . Core Remaining (%) 100 | 100 . . . . Volleys Fired 123 | 1 86 36 . . Largest 2 | 2 2 2 . . Hottest 60 | 40 60 40 . . Shots Fired 220 | 2 167 51 . . Gun 220 | 2 167 51 . . Cannon . | . . . . . Launcher . | . . . . . Special . | . . . . . Kinetic 202 | 2 149 51 . . Thermal . | . . . . . Explosive . | . . . . . Electromagnetic 18 | . 18 . . . Robot Hit Streak 14 | 2 9 14 . . Robot Miss Streak 6 | . 6 3 . . Penetration Max . | . . . . . Secondary Targets 2 | . 2 . . . Max Gunslinging Chain 1 | . 1 . . . Shots Hit Robots 131 | 2 94 32 . 3 Core Hits 57 | 2 39 14 . 2 Critical Kills 1 | . . 1 . . Critical Parts Destroyed . | . . . . . Critical Strikes 1 | . . 1 . . Destroy 1 | . . 1 . . Melee Attacks 5 | . . . . 5 Impact . | . . . . . Slashing 5 | . . . . 5 Piercing . | . . . . . Sneak Attacks . | . . . . . Combat Hostiles . | . . . . . Follow-up Attacks . | . . . . . Damage Inflicted 1560 | 16 1096 321 . 127 Guns 1393 | 16 1062 315 . . Cannons . | . . . . . Explosions 23 | . 23 . . . Melee 127 | . . . . 127 Ramming 17 | . 11 6 . . Kinetic 1290 | 16 959 315 . . Thermal 23 | . 23 . . . Explosive . | . . . . . Electromagnetic 103 | . 103 . . . Impact . | . . . . . Slashing 127 | . . . . 127 Piercing . | . . . . . Highest Corruption 5 | . 5 5 5 5 Average Corruption 3 | . 3 5 5 5 Corruption Purged . | . . . . . Corruption Blocked . | . . . . . Effects 44 | . 28 13 2 1 Message Errors 11 | . 8 3 . . Matter Fused 7 | . 5 1 1 . Heat Flow Errors 4 | . . 4 . . Energy Discharges 8 | . 5 2 . 1 Data Loss (minor) 8 | . 4 3 1 . Data Loss (major) 1 | . 1 . . . Misfires 2 | . 2 . . . Weapon Failures 3 | . 3 . . . Overload Shots . | . . . . . Overflow Damage 25 | . 25 . . . Projectiles . | . . . . . Explosions 25 | . 25 . . . Melee . | . . . . . Knockbacks . | . . . . . Impact . | . . . . . Kinetic . | . . . . . Secondary . | . . . . . Self-Inflicted Damage 39 | . 39 . . . Shots 1 | . 1 . . . Rammed 3 | . 2 1 . . Targets Rammed 3 | . 2 1 . . Kicked . | . . . . . Crushed . | . . . . . Highest Temperature 255 | . 30 255 . . Average Temperature 36 | . 9 61 . . Received Heat Transfer 366 | . 318 48 . . Siege Activations . | . . . . . Martial Activations . | . . . . . Shielding Activations . | . . . . . Robots Disrupted . | . . . . . Combat Hostiles . | . . . . . Robots Corrupted . | . . . . . Combat Hostiles . | . . . . . Parts Fried . | . . . . . Impact Corruptions . | . . . . . Robots Melted . | . . . . . Combat Hostiles . | . . . . . Parts Melted . | . . . . . Heat Transferred 50 | . 50 . . . Parts Sabotaged . | . . . . . Parts Stolen . | . . . . . Parts Stripped . | . . . . . Power Chain Reactions 1 | . 1 . . . Alert | -11 -10 -10 -10 -9 ------- Run | Yrd Mat Min Exi Min Maximum Alert Level 1 | . 1 . . . Low Security (%) 98 | 100 97 100 . 100 Level 1 1 | . 2 . . . Level 2 . | . . . . . Level 3 . | . . . . . Level 4 . | . . . . . Level 5 . | . . . . . High Security . | . . . . . Max Security . | . . . . . Peak Influence 210 | 5 210 86 . 30 Initial 61 | . . 61 . . Average 82 | . 106 41 . 5 Influence Increases 855 | 5 540 260 . 50 Destroy 0b10 Robot/C 560 | . 300 220 . 40 Destroy 0b10 Robot/NC 45 | 5 40 . . . Destroy Leader 124 | . 74 40 . 10 Successful Hack 17 | . 17 . . . Select Force Hacks 30 | . 30 . . . Disable Machine 15 | . 15 . . . Destroy Structure 4 | . 4 . . . Lose Combat Pursuer 60 | . 60 . . . Influence Decreases 825 | 5 383 339 78 20 Entered New Map 174 | . . 96 78 . Time Decay 581 | 5 363 203 . 10 Lost Part 70 | . 20 40 . 10 Squads Dispatched 6 | . 6 . . . Investigation 3 | . 3 . . . Extermination . | . . . . . Reinforcement 3 | . 3 . . . Assault . | . . . . . Garrison . | . . . . . Intercept . | . . . . . Searches Triggered . | . . . . . Construction Impeded . | . . . . . Haulers Reinforced . | . . . . . Active Scanning Responses . | . . . . . Cargo Convoy Interrupts . | . . . . . Stealth | -11 -10 -10 -10 -9 --------- Run | Yrd Mat Min Exi Min Distress Signals 5 | . 5 . . . Communications Jammed . | . . . . . Distress Signals . | . . . . . Times Spotted 48 | . 32 13 . 3 Peak Tracking Total 5 | . 5 3 . 3 Tactical Retreats 3 | . 3 . . . Traps | -11 -10 -10 -10 -9 ------- Run | Yrd Mat Min Exi Min Traps Triggered 5 | . 5 . . . Indirectly . | . . . . . Trap Hack Attempts . | . . . . . Triggered . | . . . . . Disarmed . | . . . . . Reprogrammed . | . . . . . Reused . | . . . . . Traps Extracted . | . . . . . Installed . | . . . . . Triggered . | . . . . . Machines | -11 -10 -10 -10 -9 ---------- Run | Yrd Mat Min Exi Min Machines Disabled 1 | . 1 . . . Max in Single Turn 1 | . 1 . . . Machines Repaired . | . . . . . Machines Dismantled . | . . . . . Machines Sabotaged . | . . . . . Overloaded Fab Kills . | . . . . . Hacking | -11 -10 -10 -10 -9 --------- Run | Yrd Mat Min Exi Min Machines Accessed 8 | . 6 . 2 . Terminals 5 | . 5 . . . Fabricators . | . . . . . Repair Stations . | . . . . . Recycling Units 1 | . 1 . . . Scanalyzers . | . . . . . Garrison Access . | . . . . . Total Hacks 40 | . 16 . 24 . Successful 33 | . 9 . 24 . Failed 7 | . 7 . . . Catastrophic . | . . . . . Database Lockouts . | . . . . . Manual 13 | . 12 . 1 . Terminals 15 | . 15 . . . Fabricators . | . . . . . Repair Stations . | . . . . . Recycling Units 1 | . 1 . . . Scanalyzers . | . . . . . Garrison Access . | . . . . . Terminal Hacks 27 | . 3 . 24 . Record 23 | . . . 23 . Robot Analysis 1 | . 1 . . . Prototype ID Bank 1 | . 1 . . . Hauler Manifests 1 | . 1 . . . Proto ID Catalog 1 | . . . 1 . Fabricator Hacks . | . . . . . Repair Station Hacks . | . . . . . Recycling Unit Hacks . | . . . . . Scanalyzer . | . . . . . Garrison Access Hacks . | . . . . . Unauthorized Hacks 6 | . 6 . . . Terminals 5 | . 5 . . . Botnet 5 | . 5 . . . Fabricators . | . . . . . Repair Stations . | . . . . . Recycling Units 1 | . 1 . . . Tunnel 1 | . 1 . . . Scanalyzers . | . . . . . Garrison Access . | . . . . . Data Cores Recovered . | . . . . . Used . | . . . . . Hacking Detections 4 | . 4 . . . Full Trace Events 2 | . 2 . . . Feedback Events . | . . . . . Feedback Blocked . | . . . . . Robot Schematics Acquired . | . . . . . Robots Built . | . . . . . Authchips . | . . . . . Time . | . . . . . Total Robot Build Rating . | . . . . . Part Schematics Acquired . | . . . . . Parts Built . | . . . . . Authchips . | . . . . . Time . | . . . . . Total Part Build Rating . | . . . . . Parts Repaired . | . . . . . Time . | . . . . . Parts Recycled . | . . . . . Recycled Matter . | . . . . . Retrieved Matter . | . . . . . Retrieved Components . | . . . . . Parts Scanalyzed . | . . . . . Part Schematics Acquired . | . . . . . Parts Damaged . | . . . . . Bothacking | -11 -10 -10 -10 -9 ------------ Run | Yrd Mat Min Exi Min Used RIF Installer . | . . . . . Robots Hacked . | . . . . . Non-combat . | . . . . . Combat . | . . . . . Robot Hacks Applied . | . . . . . Relay Couplers Released . | . . . . . Fabnet Peak Effective % . | . . . . . Robots Rewired . | . . . . . Allies Hacked . | . . . . . Hacks Repelled . | . . . . . Allies | -11 -10 -10 -10 -9 -------- Run | Yrd Mat Min Exi Min Total Allies . | . . . . . Largest Group . | . . . . . Highest-Rated Group . | . . . . . Highest-Rated Ally . | . . . . . Total Orders . | . . . . . Ally Attacks . | . . . . . Total Damage . | . . . . . Kills . | . . . . . Allies Corrupted . | . . . . . Allies Melted . | . . . . . Intel | -11 -10 -10 -10 -9 ------- Run | Yrd Mat Min Exi Min Active Infowar (turns) 1749 | 13 1223 472 41 . Seismic 1746 | 13 1220 472 41 . ECM 3 | . 3 . . . Robot Analysis Total 1 | . 1 . . . Derelict Logs Recovered 1 | . . 1 . . Drone Launches . | . . . . . Drone Recoveries . | . . . . . Exploration | -11 -10 -10 -10 -9 ------------- Run | Yrd Mat Min Exi Min Turns Passed 1894 | 91 1227 472 81 23 Spaces Moved 1132 | 48 538 295 238 13 Core 8 | 7 . . . 1 Treads 784 | 41 538 205 . . Legs . | . . . . . Wheels . | . . . . . Hover . | . . . . . Flight 340 | . . 90 238 12 Fastest Speed 32 | 50 160 32 32 32 Average Speed 121 | 143 160 121 32 50 Slowest Speed 240 | 160 160 240 32 120 Overloaded Moves . | . . . . . Propulsion Burnouts . | . . . . . Robots Hopped 2 | . . 2 . . Potential Cave-ins . | . . . . . Cave-ins Triggered . | . . . . . Exploration Rate (%) 47 | 5 89 74 61 8 Regions Visited 4 Branch Regions 3 Pre-discovered Areas 3 | . 1 1 1 . Known Exits Taken . | . . . . . Unknown Exits Taken 4 | 1 1 1 1 . Scrap Searched 1 | . . 1 . . Spaces Dug . | . . . . . Terrain Destroyed 3 | . 3 . . . Melee . | . . . . . Projectile . | . . . . . AOE 3 | . 3 . . . Terrain Rammed . | . . . . . Walls Destroyed . | . . . . . Machines Disabled . | . . . . . Actions | -11 -10 -10 -10 -9 --------- Run | Yrd Mat Min Exi Min Total 1440 | 64 750 360 243 23 Wait 113 | 2 95 15 . 1 Move 1124 | 47 537 290 237 13 Hop 2 | . . 2 . . Pick Up 19 | 6 10 3 . . Fast Attach 15 | 7 2 2 2 2 Attach 8 | . 3 4 . 1 Detach 2 | . . 1 1 . Swap 10 | 1 5 3 . 1 Drop 16 | . 10 3 3 . Fire 123 | 1 86 36 . . Melee 5 | . . . . 5 Ram . | . . . . . Kick . | . . . . . Crush 3 | . 2 1 . . Escape Stasis . | . . . . . Rewire . | . . . . . Trap . | . . . . . Miscellaneous . | . . . . . Route ------- -11/Scrapyard -10/Materials (discovered 4 exits: [*Mat x2] / [*Min x2]) -10/Mines (discovered 4 exits: [*Mat x2] / *Exi / [*Sub]) -10/Exiles (discovered 2 exits: [*Min x2]) -9/Mines History --------- Turn | Location | Event 11 | -11/Scrapyard | Discovered new exit (range 14) 92 | -11/Scrapyard | Entered Materials 308 | -10/Materials | Build established: Mutant 596 | -10/Materials | Discovered new exit (range 14) 865 | -10/Materials | Discovered new exit (range 2) 897 | -10/Materials | Discovered new exit (range 14) 1156 | -10/Materials | Discovered new exit (range 10) 1319 | -10/Materials | Entered Mines 1360 | -10/Mines | Core integrity fell below 50% 1393 | -10/Mines | Discovered new exit (range 14) 1398 | -10/Mines | A weapon hastily lodged in a ceiling crevice suddenly fell to the ground 1476 | -10/Mines | Learned location of Storage (-7) 1750 | -10/Mines | Lost 4 parts (3n1w) 1771 | -10/Mines | Discovered new exit (range 15) 1777 | -10/Mines | Discovered new exit (range 14) 1789 | -10/Mines | Deemed a non-threat by the Exiles lab entrance 1789 | -10/Mines | Discovered new exit (range 5) 1791 | -10/Mines | Entered Exiles 1797 | -10/Exiles | Discovered new exit (range 15) 1800 | -10/Exiles | Met 8R-AWN 1806 | -10/Exiles | Met EX-HEX 1816 | -10/Exiles | Met EX-BIN 1820 | -10/Exiles | Aligned with FarCom system 1820 | -10/Exiles | Given EX-Vault access code 1828 | -10/Exiles | Opened EX-Vault 1831 | -10/Exiles | Found Longsword +1 1839 | -10/Exiles | Warned to stay clear of 0b10 Research branches 1849 | -10/Exiles | Met EX-DEC 1852 | -10/Exiles | Learned location of Zion (-6) 1869 | -10/Exiles | Discovered new exit (range 14) 1872 | -10/Exiles | Left Exiles lab with Longsword +1 1872 | -10/Exiles | Entered Mines 1873 | -9/Mines | Assembled infested the area 1879 | -9/Mines | Core integrity fell below 20% 1895 | -9/Mines | Destroyed by S-10 Pest with Light Assault Rifle Last Messages --------------- their behavior for a short while. 01855_ System corrupted: Matter fused (-8). 01861_ Acquired Unknown Storage. 01861_ Identified Med. Storage Unit. 01862_ Dropped Med. Storage Unit. 01869_ EXIT=FOUND LOCATION=UNKNOWN GOAL=ESCAPE 01872_ Receiving FarCom transmissions... 01873_ ALERT: Infestation in the mines, dispatching Demolisher response squad. 01878_ Ion Engine destroyed. 01880_ System corrupted: Energy discharge (-34). 01880_ VTOL Module destroyed. 01883_ S-10 Pest destroyed. 01885_ VTOL Module destroyed. 01886_ Acquired Flight Unit. 01888_ Acquired 12 matter. 01890_ Acquired Flight Unit. 01894_ S-10 Pest destroyed. Map ----- +----------------------------------------------------+ | ??????????????????????????????????????? | | ??????????????????????????????????????? | | ??????????????????????????????????????? | | ??????????????????????????????????????? | | ??????????????????????????????????????? | | ??????????????????????????????????????? | | ??????????????????????????????????????? | | ??????????????????????????????????????? | | ??????????????????????????????????????? | | ??????????????????????????????????????? | | ??????????????????????????????????????? | | ??????????????????????????????????????? | | ??????????#???????????????????????????? | | ??????????# ??????????????????????????? | | ??????????# ??????????????????????????? | | ???????#### #######???????????????????? | | ???????? #???????????????????? | | ???????# #???????????????????? | | ???????# """ #???????????????????? | | ???????# """ #???????????????????? | | ???????# """ #???????????????????? | | ???????# #???????????????????? | | ???????# """s ####????????????????? | | ???????# """ #????????????????? | | ???????# """[ ## #????????????????? | | ???????# =%@ ## #????????????????? | | ???????# """=""" ## #????????????????? | | ???????# """ """ ## #????????????????? | | ???????# """ """ ## #????????????????? | | ???????# ## ????????????????? | | ????????############ #????????????????? | | ???????????????????# #????????????????? | | ??????????????????? ????????????????? | | ??????????????????? ????????????????? | | ??????????????????? ????????????????? | | ??????????????????? ????????????????? | | ??????????????????? ????????????????? | | ??????????????????? ????????????????? | | ??????????????????? ????????????????? | | ??????????????????? #????????????????? | | ??????????????????????????????????????? | | ??????????????????????????????????????? | | ??????????????????????????????????????? | | ??????????????????????????????????????? | | ??????????????????????????????????????? | | ??????????????????????????????????????? | | ??????????????????????????????????????? | | ??????????????????????????????????????? | | ??????????????????????????????????????? | | ??????????????????????????????????????? | +----------------------------------------------------+ Best States ------------- Heat Dissipation 25 Energy Generation 10 Energy Capacity 250 Matter Stores 300 Matter Capacity 300 Sight Range 16 Terrain Scan Density 10 Evasion (%) 63 Recoil Reduction 2 Item Schematics ----------------- None Robot Schematics ------------------ None Fabricated ------------ Nothing Repaired ---------- Nothing Alien Tech Used ----------------- None Achievements -------------- None Challenges ------------ None Game ------ Seed GatlingThermalInjector Manual? 0 Play Time 00:17:03 Cumulative 17.1 hours Start 2025.10.10 @ 11:29:15 End 2025.10.10 @ 11:58:57 Sessions 1 Manual Loads 0 Difficulty Rogue Special Mode None Game No. 32 Rogue 32 Adventurer 0 Explorer 0 Win Type - Total 0 Types 0/0/0/0/0/0/0/0/0/0 Lore% 20 Gallery% 28 Achievement% 28 Wizard Run 0 Options --------- Layout 1 ASCII 0 Keyboard 0 Movement Numpad Keybinds 0 Fullscreen 2 Font 24/Smallcaps Map View 50x35 Zoom Use 0% Tactical HUD 1 Map Filters NONE Filters NONE Steam 1 RUN: a9d2aad7-0f65-44a9-9688-6b13edefc177